 Dungeon Crawl Stone Soup version 0.18-a0-1197-g8004e50 (webtiles) character file.

81 Silkki the Skirmisher (level 4, -5/30 HPs)
             Began as a Gargoyle Fighter on Jan 30, 2016.
             Was an Initiate of Ashenzari.
             Slain by Sigmund
             ... wielding a +0 scythe
              (7 damage)
             ... on level 2 of the Dungeon.
             The game lasted 00:02:04 (1470 turns).

Silkki the Skirmisher (Gargoyle Fighter)            Turns: 1470, Time: 00:02:04

Health: -5/30      AC: 10    Str: 19    XL:     4   Next: 40%
Magic:  4/4        EV:  7    Int: 10    God:    Ashenzari [......]
Gold:   38         SH:  9    Dex:  9    Spells: 0 memorised, 3 levels left

rFire  . . .     SeeInvis .     a - +0 war axe
rCold  + . .     Gourm    .     b - +0 scale mail
rNeg   + . .     Faith    .     c - +0 shield
rPois  ∞         Spirit   .     (no helmet)
rElec  +         Dismiss  .     (no cloak)
rCorr  .         Reflect  .     (no gloves)
SustAt .         Harm     .     (no boots)
MR     .....                    (no amulet)
Stlth  ..........               (no ring)
                                i - ring of protection from cold

@: not resistant to hostile enchantments, extremely unstealthy
A: negative energy resistance 1, electricity resistance, unbreathing,
petrification resistance, rot immunity, AC +3
a: Renounce Religion


You were on level 2 of the Dungeon.
You worshipped Ashenzari.
Ashenzari was noncommittal.
You were very hungry.

You visited 1 branch of the dungeon, and saw 2 of its levels.

You collected 38 gold pieces.

Inventory:

Hand Weapons
 a - a +0 war axe (weapon)
Armour
 b - a +0 scale mail (worn)
 c - a +0 shield (worn)
 m - a +0 buckler
Jewellery
 i - a ring of protection from cold (left hand)
Scrolls
 e - a scroll of amnesia {unknown}
 g - 2 scrolls of random uselessness {unknown}
 h - a scroll of fog {unknown}
 j - 2 scrolls of remove curse
 k - a scroll of magic mapping {unknown}
 l - a scroll of teleportation {unknown}
 p - a scroll of identify {unknown}
 q - 3 scrolls of enchant weapon {unknown}
Potions
 d - a potion of might
Comestibles
 f - a bread ration
 o - a meat ration


   Skills:
 * Level 4.4 Fighting
 + Level 2.4 Axes
 + Level 3.7 Armour
 + Level 3.8 Shields


You had 3 spell levels left.
You didn't know any spells.

Dungeon Overview and Level Annotations

Branches:
Dungeon (2/15)

Altars:
Ashenzari

Annotations:
D:2 Sigmund


Innate Abilities, Weirdness & Mutations

You are resistant to torment.
Your stone body is resilient (AC +3).
You are immune to poison.
You resist negative energy.
You are resistant to electric shocks.
You can survive without breathing.
You are immune to petrification.
You are immune to rotting.


Message History

No target in view!
No target in view!
No target in view!
No target in view!
No target in view!
No target in view!
Unknown command.
Something hits you.
You see here a rat corpse.
You miss something. Something hits you but does no damage.
You miss something. You block something's attack.
You hit something. Something hits you!
* * * LOW HITPOINT WARNING * * *
You closely miss something. You block something's attack.
You closely miss something. Something hits you but does no damage.
Your shield and scale mail prevent you from hitting something.
Something hits you.
* * * LOW HITPOINT WARNING * * *
You closely miss something. Something hits you!
You die...

#..###.######.####.# #
#.............#....#
#..###.######.#.####
###..###.#####....#
..................#
.........=####....## #
###.####..#
#..†..#####
#.####..####..........
#...{@...........#####
######>.#######.## #
#..# #.# # #..#
#.###### #..# #.#.....
#..# #.#.#### #..#
#.#.#### ... #.......
###.####


There were no monsters in sight!

Vanquished Creatures
  A gnoll (D:1)
  2 adders (D:2)
  2 oozes (D:2)
  A giant gecko (D:2)
  2 giant cockroaches (D:1)
  5 goblins
  5 hobgoblins
  7 jackals
  4 bats
  4 giant newts
  4 kobolds
  6 rats
43 creatures vanquished.

Notes
Turn   | Place    | Note
--------------------------------------------------------------
     0 | D:1      | Silkki the Gargoyle Fighter began the quest for the Orb.
     0 | D:1      | Reached XP level 1. HP: 14/14 MP: 1/1
   494 | D:1      | Reached XP level 2. HP: 19/19 MP: 2/2
   754 | D:1      | Reached XP level 3. HP: 20/24 MP: 3/3
  1013 | D:1      | Reached skill level 4 in Fighting
  1121 | D:2      | Reached XP level 4. HP: 27/29 MP: 4/4
  1256 | D:2      | Found a shattered altar of Ashenzari.
  1261 | D:2      | Became a worshipper of Ashenzari the Shackled
  1451 | D:2      | Noticed Sigmund
  1470 | D:2      | Slain by Sigmund

Vault maps used:
D:1:      dpeg_arrival_windows_large_door
D:2:      ashenzari_altar_1, uniq_sigmund

Action                   |  1- 3 |  4- 6 || total
-------------------------+-------+-------++-------
Melee: War axe           |   111 |    80 ||   191
  Eat: Chunk             |     1 |       ||     1
